 Dungeon Crawl Stone Soup version 0.18-a0-1426-g3b9a63c (webtiles) character file.

22523 namelastname112 the Martial Artist (level 12, 0/105 HPs)
             Began as a White Draconian Monk on Feb 27, 2016.
             Was the Champion of Cheibriados.
             Slain by a skeletal warrior
             ... wielding a +0 long sword
              (16 damage)
             ... on level 12 of the Dungeon.
             The game lasted 00:24:23 (14712 turns).

namelastname112 the Martial Artist (DrMo)          Turns: 14712, Time: 00:24:23

Health: 0/105      AC: 11    Str: 29    XL:     12   Next: 63%
Magic:  20/20      EV: 27    Int: 26    God:    Cheibriados [******]
Gold:   1071       SH:  0    Dex: 39    Spells: 1 memorised, 8 levels left

rFire  + + .     SeeInvis +       - Unarmed
rCold  + . .     Gourm    +     (armour unavailable)
rNeg   . . .     Faith    .     (no shield)
rPois  +         Spirit   .     (helmet restricted)
rElec  .         Dismiss  .     e - +1 cloak {rPois}
rCorr  .         Reflect  .     (no gloves)
SustAt .         Harm     .     J - +0 pair of boots
MR     .....                    K - amulet of the gourmand
Stlth  +++.......               T - +5 ring of dexterity
                                C - ring "Neawotsa" {*Contam rF+ EV+3 Dex+3}

@: flying, very slow, not resistant to hostile enchantments, fairly stealthy
A: breathe frost, unfitting armour, big wings, claws 1, see invisible, clumsy 1,
cold resistance 1, fire resistance 1, poison resistance, wild magic 1,
cold-blooded, MP-powered wands, AC +8
a: Breathe Frost, Stop Flying, Bend Time, Temporal Distortion, Slouch, Step From
Time, Renounce Religion


You were on level 12 of the Dungeon.
You worshipped Cheibriados.
Cheibriados was exalted by your worship.
You were not hungry.

You visited 2 branches of the dungeon, and saw 13 of its levels.
You also visited: Ice Cave.

You collected 1318 gold pieces.
You spent 247 gold pieces at shops.

Inventory:

Missiles
 n - 4 curare-tipped needles
 p - 62 poisoned needles
Armour
 e - a +1 cloak of poison resistance (worn)
 m - a +0 shield of cold resistance
 w - a +1 pair of gloves
 J - a +0 pair of boots (worn)
 N - a +2 pair of boots of running
Magical Staves
 t - an uncursed staff of wizardry
Jewellery
 C - the ring "Neawotsa" (left claw) {*Contam rF+ EV+3 Dex+3}
   (You found it on level 5 of the Dungeon)

   [ring of evasion]

   It affects your evasion (+3).
   It affects your dexterity (+3).
   It protects you from fire.
   It causes magical contamination when unequipped.
 I - an uncursed ring of protection from cold
 K - an amulet of the gourmand (around neck)
 R - the ring "Qogoba" {*Corrode rPois AC+2 SInv}
   (You found it in an ice cave)

   [ring of protection]

   It affects your AC (+2).
   It protects you from poison.
   It lets you see invisible.
   It may corrode your equipment when you take damage.
 T - a +5 ring of dexterity (right claw)
 U - the ring "Matyips" {Ice rElec MR++ Str-2 Dex+3}
   (You found it in an ice cave)

   [ring of ice]

   It enhances your ice magic, and weakens your fire magic.
   It affects your strength (-2).
   It affects your dexterity (+3).
   It makes you vulnerable to fire.
   It protects you from cold.
   It insulates you from electricity.
   It affects your resistance to hostile enchantments.
Wands
 y - a wand of flame (27/48)
 H - a wand of paralysis (9/24)
 M - a wand of paralysis (24/24)
 O - a wand of flame (35/48)
Scrolls
 h - 2 scrolls of magic mapping
 i - a scroll of amnesia
 j - 7 scrolls of remove curse
 q - 4 scrolls of teleportation
 r - a scroll of fog
 s - 2 scrolls of blinking
 x - 3 scrolls of enchant weapon
 D - 3 scrolls of enchant armour
 P - 2 scrolls of immolation
 Q - a scroll of recharging
Potions
 b - 3 potions of flight
 c - 2 potions of heal wounds
 f - a potion of lignification
 l - a potion of invisibility
 u - 3 potions of brilliance
 z - a potion of cure mutation
 A - 3 potions of agility
 F - 5 potions of curing
 L - a potion of ambrosia
Books
 k - a book of Summonings

   Spells                             Type                      Level
   a - Recall                         Summoning/Translocation      3
   b - Aura of Abjuration             Summoning                    5
   c - Summon Demon                   Summoning                    5
   d - Summon Forest                  Summoning/Translocation      5
   e - Summon Mana Viper              Hexes/Summoning              5
   f - Shadow Creatures               Summoning                    6
 o - a book of Frost

   Spells                             Type                      Level
   a - Freeze                         Ice                          1
   b - Throw Frost                    Conjuration/Ice              2
   c - Ozocubu's Armour               Charms/Ice                   3
   d - Throw Icicle                   Conjuration/Ice              4
   e - Summon Ice Beast               Ice/Summoning                4
 v - a book of Power

   Spells                             Type                      Level
   a - Fulminant Prism                Conjuration/Hexes            4
   b - Iskenderun's Mystic Blast      Conjuration                  4
   c - Venom Bolt                     Conjuration/Poison           5
   d - Bolt of Magma                  Conjuration/Fire/Earth       5
   e - Iron Shot                      Conjuration/Earth            6
   f - Orb of Destruction             Conjuration                  7
   g - Spellforged Servitor           Conjuration/Summoning        7
 B - a book of Annihilations

   Spells                             Type                      Level
   a - Poison Arrow                   Conjuration/Poison           6
   b - Chain Lightning                Conjuration/Air              8
   c - Lehudib's Crystal Spear        Conjuration/Earth            8
   d - Glaciate                       Conjuration/Ice              9
   e - Fire Storm                     Conjuration/Fire             9
 E - a Fen Folio

   Spells                             Type                      Level
   a - Corpse Rot                     Necromancy                   2
   b - Stone Arrow                    Conjuration/Earth            3
   c - Leda's Liquefaction            Hexes/Earth                  4
   d - Summon Forest                  Summoning/Translocation      5
   e - Hydra Form                     Transmutation                6
   f - Summon Hydra                   Summoning                    7
Comestibles
 a - 6 bread rations
 d - 9 meat rations
 g - 8 fruits
 G - 6 royal jellies


   Skills:
 + Level 9.5 Fighting
 + Level 8.2 Dodging
 - Level 1.7 Stealth
 * Level 14.8 Unarmed Combat
 + Level 10.9 Invocations


You had 8 spell levels left.
You knew the following spells:

 Your Spells              Type           Power        Failure   Level  Hunger
a - Ozocubu's Armour      Chrm/Ice       #.......     54%         3    ####...


Dungeon Overview and Level Annotations

Branches:
Dungeon (12/15)            Temple (0/1) D:7            Lair (0/8) D:9
    Orc (1/2) D:11

Altars:
Ashenzari
Cheibriados
Elyvilon
Fedhas
Gozag
Pakellas
Qazlal
Ru
Sif Muna
Trog
Vehumet
Xom
Yredelemnul
The Shining One

Shops:
D:7 ?   D:10 *   Orc:1 *


Innate Abilities, Weirdness & Mutations

You can breathe waves of freezing cold.
You can buffet flying creatures when you breathe cold.
Your icy white scales are hard (AC +8).
Your body does not fit into most forms of armour.
Your flesh is cold resistant.
You are cold-blooded and may be slowed by cold attacks.
Your large and strong wings let you fly indefinitely.
You have sharp fingernails.
You have supernaturally acute eyesight.
You are clumsy. (Dex -2)
Your flesh is heat resistant.
Your system is resistant to poisons.
Your spells are a little harder to cast, but a little more powerful.
You expend magic power (3 MP) to strengthen your wands.


Message History

Your tail-slap misses the skeletal warrior.
The skeletal warrior is heavily damaged.
You scratch the skeletal warrior but do no damage.
You tail-slap the skeletal warrior, but do no damage.
The skeletal warrior is heavily damaged.
The skeletal warrior closely misses you.
You claw the skeletal warrior! You claw the skeletal warrior.
The skeletal warrior is almost destroyed.
The skeletal warrior splashes around in the water.
You mangle the skeletal warrior!!
You destroy the skeletal warrior!
Cheibriados thoroughly appreciates the change of pace.
You hear a splash.
The skeletal warrior hits you with a long sword.
The skeletal warrior closely misses you.
The skeletal warrior hits you with a long sword!!
* * * LOW HITPOINT WARNING * * *
The skeletal warrior completely misses you.
The skeletal warrior hits you with a long sword!
You die...

##≈≈≈≈≈≈≈≈...........#
##≈≈≈≈≈≈≈≈###.......#
*****##≈≈≈≈≈≈≈≈##########
*,,,,#≈≈≈≈≈≈≈≈≈≈##
*,,,,≈≈≈≈≈≈≈≈≈≈≈≈#
*,,,,≈≈≈≈≈≈≈≈≈≈≈≈#
****,....≈≈≈≈≈≈≈≈#
*,#≈≈.≈≈≈≈≈≈≈##
*,##≈..≈≈≈z@##*
***,*##..≈≈Tzz..#
*,,,,,#...≈≈.##.#
*,,,,,#..≈≈#.**.#
*,,,,,#....).**,#
*,,,,,#.#####**,*
*,,,,,#.*,,,,,,,*
*,,,,,*,*,,,,,,,*
****,,,,,*,+,,,,,,,*


You could see 3 skeletal warriors and a troll.

Vanquished Creatures
  Harold (D:11)
  2 ice dragons (IceCv)
  A death knight (D:12)
  3 skeletal warriors (D:12)
  A phantasmal warrior (D:12)
  2 hill giants
  Pikel (D:8)
  3 ugly things (D:11)
  The ghost of namelastname112 the Grappler, a novice DrMo (D:7)
  2 ice statues (IceCv)
  A freezing wraith (D:11)
  A queen bee (D:9)
  A troll (D:9)
  A two-headed ogre (D:9)
  Prince Ribbit (D:5)
  A slime creature (D:10)
  The ghost of Tux the Skirmisher, an amateur GrBe of Trog (D:4)
  A water elemental (D:12)
  A wraith (D:11)
  2 shadows (D:12)
  A wyvern (D:11)
  A hungry ghost (D:8)
  9 yaks
  The ghost of Motquri the Chucker, an amateur MfHu (D:3)
  4 vampire mosquitoes (D:12)
  4 hippogriffs
  3 wolves (D:9)
  A soldier ant (D:12)
  2 water moccasins
  5 orc warriors
  2 black bears
  4 sky beasts
  An eye of draining (D:8)
  5 ogres
  18 ice beasts
  A phantom (D:10)
  6 centaurs
  13 big kobolds
  5 giant frogs
  A scorpion (D:5)
  A wyvern skeleton (D:12)
  A water moccasin skeleton (D:4)
  29 killer bees
  10 wights
  4 electric eels
  4 crimson imps
  A centaur zombie (D:7)
  10 hounds
  A quasit (D:5)
  A giant frog zombie (D:9)
  3 jellies
  10 orc priests
  A giant frog skeleton (D:12)
  2 centaur skeletons
  Natasha (thrice) (D:2)
  4 iguanas (D:10)
  6 orc wizards
  6 worker ants
  2 killer bee zombies
  A howler monkey zombie (D:5)
  3 worker ant zombies
  15 adders
  A gnoll (D:5)
  A shadow imp (D:12)
  12 white imps (D:12)
  An adder skeleton (D:9)
  5 adder zombies
  2 worms
  A dart slug (D:3)
  9 giant geckos
  57 orcs
  A ball python (D:3)
  5 giant cockroaches
  7 goblins
  7 hobgoblins
  8 jackals
  26 kobolds
  2 quokkas
  9 bats
  A giant gecko skeleton (D:6)
  A giant gecko zombie (D:7)
  2 giant newts
  A goblin skeleton (D:9)
  A goblin zombie (D:9)
  3 kobold skeletons (D:9)
  2 kobold zombies (D:9)
  2 quokka skeletons
  A quokka zombie (D:10)
  13 rats
414 creatures vanquished.

Vanquished Creatures (others)
  A centaur (D:8)
  A howler monkey (D:8)
  A quokka (D:8)
3 creatures vanquished.

Grand Total: 417 creatures vanquished

Notes
Turn   | Place    | Note
--------------------------------------------------------------
     0 | D:1      | namelastname112 the Draconian Monk began the quest for the Orb.
     0 | D:1      | Reached XP level 1. HP: 19/19 MP: 1/1
   338 | D:1      | Reached XP level 2. HP: 26/26 MP: 2/2
  1118 | D:2      | Reached skill level 5 in Unarmed Combat
  1118 | D:2      | Reached XP level 3. HP: 19/31 MP: 3/3
  1462 | D:2      | Noticed Natasha
  1475 | D:2      | Killed Natasha
  1673 | D:2      | Reached XP level 4. HP: 35/38 MP: 4/4
  1680 | D:2      | Found a bloodstained altar of Trog.
  1784 | D:2      | Noticed Natasha
  1794 | D:2      | Killed Natasha
  1794 | D:2      | Reached skill level 6 in Unarmed Combat
  2027 | D:2      | Noticed Natasha
  2092 | D:2      | Killed Natasha
  2357 | D:2      | Reached XP level 5. HP: 35/45 MP: 5/5
  2428 | D:3      | Noticed Motquri's ghost (amateur MfHu)
  2455 | D:3      | Killed Motquri's ghost
  2455 | D:3      | Reached skill level 7 in Unarmed Combat
  2455 | D:3      | Reached XP level 6. HP: 7/51 MP: 6/6
  3635 | D:3      | Reached skill level 8 in Unarmed Combat
  4178 | D:4      | Your scales start taking on an icy white colour.
  4178 | D:4      | Reached XP level 7. HP: 52/57 MP: 7/7
  4178 | D:4      | Gained mutation: Your flesh is cold resistant. [White Draconian growth]
  4635 | D:4      | Noticed Tux's ghost (amateur GrBe)
  4689 | D:4      | Killed Tux's ghost
  4689 | D:4      | Reached skill level 9 in Unarmed Combat
  4732 | D:5      | Entered Level 5 of the Dungeon
  4863 | D:5      | Reached skill level 10 in Unarmed Combat
  4952 | D:5      | Reached XP level 8. HP: 58/63 MP: 8/8
  4980 | D:5      | Found a blossoming altar of Fedhas.
  4981 | D:5      | Found an oddly glowing altar of Pakellas.
  4984 | D:5      | Found a shattered altar of Ashenzari.
  4989 | D:5      | Found a snail-covered altar of Cheibriados.
  4990 | D:5      | Found a radiant altar of Vehumet.
  4990 | D:5      | Found a stormy altar of Qazlal.
  4990 | D:5      | Found an opulent altar of Gozag.
  4990 | D:5      | Found a white marble altar of Elyvilon.
  4991 | D:5      | Found a shimmering altar of Xom.
  4996 | D:5      | Became a worshipper of Cheibriados the Contemplative
  4996 | D:5      | Reached * piety under Cheibriados
  4996 | D:5      | Reached ** piety under Cheibriados
  5000 | D:5      | Found a deep blue altar of Sif Muna.
  5001 | D:5      | Found a basalt altar of Yredelemnul.
  5070 | D:5      | Noticed Prince Ribbit
  5080 | D:5      | Killed Prince Ribbit
  5080 | D:5      | Reached skill level 1 in Invocations
  5091 | D:5      | Got a steaming pewter ring
  5093 | D:5      | Identified the ring "Neawotsa" {*Contam rF+ EV+3 Dex+3} (You found it on level 5 of the Dungeon)
  6050 | D:7      | Found Teahiux's Magic Scroll Shop.
  6096 | D:7      | Bought 3 scrolls of blinking for 247 gold pieces
  6184 | D:7      | Noticed namelastname112's ghost (novice DrMo)
  6240 | D:7      | Killed namelastname112's ghost
  6240 | D:7      | Reached XP level 9. HP: 37/72 MP: 10/12
  6503 | D:7      | Found a staircase to the Ecumenical Temple.
  6519 | D:7      | Reached skill level 11 in Unarmed Combat
  6606 | D:7      | Reached *** piety under Cheibriados
  7087 | D:8      | Reached skill level 5 in Invocations
  7091 | D:8      | Gained mutation: Your spells are a little harder to cast, but a little more powerful. [mutagenic meat]
  7092 | D:8      | Gained mutation: Your spells are harder to cast, but more powerful. [mutagenic meat]
  7093 | D:8      | Gained mutation: You have supernaturally acute eyesight. [mutagenic meat]
  7094 | D:8      | Gained mutation: Your flesh is heat resistant. [mutagenic meat]
  7095 | D:8      | Gained mutation: You expend magic power (3 MP) to strengthen your wands. [mutagenic meat]
  7155 | D:8      | Gained mutation: You are clumsy. (Dex -2) [mutagenic meat]
  7157 | D:8      | Gained mutation: Your large and strong wings let you fly indefinitely. [mutagenic meat]
  7158 | D:8      | Lost mutation: Your spells are harder to cast, but more powerful. [mutagenic meat]
  7274 | D:8      | Reached skill level 5 in Fighting
  7394 | D:8      | Reached **** piety under Cheibriados
  7455 | D:8      | Noticed Pikel
  7478 | D:8      | Killed Pikel
  7478 | D:8      | Reached XP level 10. HP: 73/83 MP: 13/15
  7691 | D:8      | Identified a +2 pair of boots of running (You found it on level 8 of the Dungeon)
  7721 | D:9      | Reached skill level 12 in Unarmed Combat
  7732 | D:9      | Reached skill level 5 in Dodging
  8137 | D:9      | Reached ***** piety under Cheibriados
  8727 | D:9      | Found a staircase to the Lair.
  9181 | D:9      | Reached XP level 11. HP: 35/92 MP: 17/17
  9551 | D:9      | Found a glowing golden altar of the Shining One.
 10039 | D:9      | Identified a scroll of acquirement
 10088 | D:9      | Reached ****** piety under Cheibriados
 10105 | D:10     | Entered Level 10 of the Dungeon
 10183 | D:10     | Reached skill level 13 in Unarmed Combat
 10599 | D:10     | Found Locin's General Store.
 10636 | D:10     | Learned a level 3 spell: Ozocubu's Armour
 10783 | D:10     | Noticed a hill giant
 10797 | D:10     | Killed a hill giant
 10851 | D:10     | Found a sacrificial altar of Ru.
 11130 | D:11     | Found a staircase to the Orcish Mines.
 11319 | D:11     | Noticed a hill giant
 11329 | D:11     | Killed a hill giant
 11473 | D:11     | Noticed a red ugly thing
 11482 | D:11     | Killed a red ugly thing
 11487 | D:11     | Gained mutation: You have sharp fingernails. [mutagenic meat]
 11488 | D:11     | Gained mutation: Your system is resistant to poisons. [mutagenic meat]
 11803 | D:11     | Noticed Harold
 11807 | D:11     | Noticed a white ugly thing
 11810 | D:11     | Killed Harold
 11823 | D:11     | Killed a white ugly thing
 11965 | Orc:1    | Entered Level 1 of the Orcish Mines
 11965 | Orc:1    | Found Emelagoi's General Store.
 11965 | Orc:1    | Noticed an orc high priest
 12113 | D:12     | Found a frozen archway.
 12141 | IceCv    | Entered an ice cave
 12263 | IceCv    | Reached skill level 10 in Invocations
 12264 | IceCv    | Reached skill level 14 in Unarmed Combat
 12500 | IceCv    | Reached XP level 12. HP: 94/103 MP: 19/19
 12538 | IceCv    | Noticed an ice dragon
 12539 | IceCv    | Noticed an ice dragon
 12549 | IceCv    | Killed an ice dragon
 12553 | IceCv    | Killed an ice dragon
 12575 | IceCv    | Got a twitching silver ring
 12581 | IceCv    | Got a scorched platinum ring
 12754 | IceCv    | Identified the ring "Qogoba" {*Corrode rPois AC+2 SInv} (You found it in an ice cave)
 12765 | IceCv    | Identified the ring "Matyips" {Ice rElec MR++ Str-2 Dex+3} (You found it in an ice cave)
 13403 | D:12     | Noticed a death knight
 14337 | D:12     | Killed a death knight
 14712 | D:12     | Slain by a skeletal warrior

Vault maps used:
D:1:      dpeg_arrival_tiny_a, st_stairs_1, hangedman_decor_points,
          minmay_misc_feat_square
D:2:      minmay_door_path, marbit_many_paths, serial_glass, glass_columns_a,
          glass_columns_b, uniq_natasha
D:3:      first_bread
D:4:      hangedman_decor_lopped
D:5:      minitemple, uniq_prince_ribbit1
D:7:      temple_pool_a, serial_shops, nicolae_shop_stone
D:8:      special_room, uniq_pikel
D:9:      nicolae_tso_besieged_by_evil, erik_lair_island, david_nohive_1,
          abandoned_shop
D:10:     wad_river_or_something, serial_shops, nicolae_shop_window_shopping,
          minivault_14, lemuel_tele_altar
D:11:     orc_0_dummy, uniq_harold
D:12:     portal_ice_cave_entry_imps
Orc:1:    basic_altar, serial_shops, shop, nicolae_for_you_no_charge
IceCv:    ice_cave_small_dragons

Skill      XL: |  1  2  3  4  5  6  7  8  9 10 11 12 |
---------------+-------------------------------------+-----
Unarmed Combat | 5 6 7 8 10 11 12 14 | 14.8
Invocations    | 4 6 8 10 | 10.9
Dodging        | 3 4 5 7 8 |  8.2
Fighting       | 4 5 7 8 9 |  9.5
Stealth        | |  1.7

Action                   |  1- 3 |  4- 6 |  7- 9 | 10-12 || total
-------------------------+-------+-------+-------+-------++-------
Melee: Unarmed           |   105 |   228 |   362 |   761 ||  1456
 Abil: Breathe Frost     |       |       |     8 |     5 ||    13
       Fly               |       |       |     1 |       ||     1
Evoke: Wand              |       |       |       |     3 ||     3
  Use: Potion            |       |     3 |     2 |     2 ||     7
       Scroll            |       |       |     7 |    19 ||    26
 Stab: Sleeping          |     5 |     5 |     7 |    10 ||    27
       Distracted        |       |       |     1 |     5 ||     6
  Eat: Chunk             |     2 |     8 |    17 |    15 ||    42
       Beef jerky        |       |       |     2 |     2 ||     4
       Royal jelly       |       |       |       |     1 ||     1
